 Dungeon Crawl Stone Soup version 0.27-a0-1416-g941b2bd30b (webtiles) character file.

Game seed: 7917246514630930785

80 Brandom the Insei (level 4, -7/29 HPs)
             Began as an Octopode Transmuter on July 1, 2021.
             Mangled by a gnoll (8 damage)
             ... on level 2 of the Dungeon.
             The game lasted 00:03:32 (1903 turns).

Brandom the Insei (Octopode Transmuter)             Turns: 1903, Time: 00:03:33

Health: -7/29      AC:  1    Str:  9    XL:     4   Next: 39%
Magic:  6/7        EV: 13    Int: 16    God:
Gold:   63         SH:  0    Dex: 12    Spells: 4/8 levels left

rFire    + . .     SeeInvis .     - Unarmed
rCold    . . .     Faith    .   (no shield)
rNeg     . . .     Spirit   .   (helmet currently unavailable)
rPois    .         Reflect  .   (no amulet)
rElec    .         Harm     .   e - ring of protection from fire
rCorr    .         Rampage  .   (no ring)
Will     .....                  (no ring)
Stlth    ++........             (no ring)
HPRegen  0.09/turn              (no ring)
MPRegen  0.10/turn              (no ring)
                                (no ring)
                                (no ring)

@: appendages (expiring)
A: tentacle spike 3, almost no armour, amphibious, 8 rings, camouflage 1,
gelatinous body 1, (nimble swimmer 1), tentacles
a: End Transformation


You were on level 2 of the Dungeon.
One of your tentacles had grown a beastly spike.
You visited 1 branch of the dungeon, and saw 2 of its levels.

You collected 63 gold pieces.

Inventory:

Missiles
 h - 4 curare-tipped darts (quivered) {!f}
Jewellery
 e - a ring of protection from fire (left tentacle)
   (You found it on level 1 of the Dungeon)
Scrolls
 a - 3 scrolls of identify {unknown}
 f - a scroll of amnesia {unknown}
 g - a scroll of vulnerability {unknown}
 i - a scroll of brand weapon {unknown}
 k - a scroll of teleportation {unknown}
Potions
 b - a potion of invisibility {unknown}
 c - a potion of heal wounds {unknown}
 d - a potion of curing {unknown}
 j - a potion of degeneration {unknown}


   Skills:
 * Level 2.3 Fighting
 + Level 2.5 Dodging
 + Level 3.3 Unarmed Combat
 + Level 2.5 Spellcasting
 + Level 2.5 Transmutations
 + Level 0.4 Poison Magic


You had 4 spell levels left.
You knew the following spells:

 Your Spells              Type           Power      Damage    Failure   Level
a - Beastly Appendage     Tmut           20%        N/A       7%          1
x - Spider Form           Tmut/Pois      3%         N/A       32%         3

Your spell library contained the following spells:

 Spells                   Type           Power      Damage    Failure   Level
 Wereblood                Tmut           10%        N/A       11%         2
 Poisonous Vapours        Pois/Air       4%         N/A       26%         2
 Ensorcelled Hibernation  Hex/Ice        4%         N/A       30%         2
 Sublimation of Blood     Necr           1%         N/A       30%         2
 Mephitic Cloud           Conj/Pois/Air  2%         N/A       50%         3
 Ice Form                 Ice/Tmut       6%         N/A       75%         4
 Freezing Cloud           Conj/Ice/Air   1%         6-21      99%         5
 Shadow Creatures         Summ           N/A        N/A       100%        6
 Summon Hydra             Summ           1%         N/A       100%        7


Dungeon Overview and Level Annotations

Branches:
Dungeon (2/15)

Altars:
Wu Jian


Innate Abilities, Weirdness & Mutations

One of your tentacles has grown a beastly spike.
You cannot wear most types of armour.
You are amphibious.
You can wear up to eight rings at the same time.
Your skin changes colour to match your surroundings (Stealth+).
Your rubbery body absorbs attacks. (AC +1, EV +1)
((You are camouflaged near water. (Stealth+)))
You have tentacles for arms and can constrict up to eight enemies at once.


Message History

There is a stone staircase leading up here.
You barely miss the gnoll. You grab the gnoll. You squeeze the gnoll.
You constrict the gnoll. The gnoll barely misses you.
You tentacle-slap the gnoll. You constrict the gnoll.
The gnoll hits you with a +0 club.
You tentacle-slap the gnoll but do no damage.
You pierce the gnoll, but do no damage.
You constrict the gnoll, but do no damage.
The gnoll closely misses you.
You tentacle-slap the gnoll. You squeeze the gnoll.
You constrict the gnoll, but do no damage.
The gnoll barely misses you.
You tentacle-slap the gnoll.
You kill the gnoll!
No target in view!
No target in view!
Things that are here:
a +0 club; a gnoll corpse Your tentacle spike disappears.
A kobold is nearby!
Unknown command.
You catch the helpless kobold completely off-guard!
You tentacle-slap the kobold. Your grab misses the kobold.
The kobold closely misses you.
You tentacle-slap the kobold.
You kill the kobold!
No target in view!
No target in view!
Things that are here:
a +0 dagger; 2 stones; a kobold corpse The gnoll shouts!
A gnoll is nearby!
One of your tentacles grows a vicious spike.
Your transformation is almost over.
The gnoll hits you from afar with a +0 spear.
The gnoll hits you with a +0 spear.
You tentacle-slap the gnoll. Your grab misses the gnoll.
The gnoll hits you with a +0 spear!
* * * LOW HITPOINT WARNING * * *
You closely miss the gnoll. Your grab misses the gnoll.
Your squeeze misses the gnoll. The gnoll barely misses you.
You tentacle-slap the gnoll but do no damage.
Your grab misses the gnoll.
You pierce the gnoll.
The gnoll hits you with a +0 spear!
* * * LOW HITPOINT WARNING * * *
You closely miss the gnoll. You grab the gnoll.
You pierce the gnoll, but do no damage.
You constrict the gnoll, but do no damage.
The gnoll hits you with a +0 spear!
You die...

.....###..##.#....# .#.
.................###.. #
.........##.....#.#.. .#.
.........##.#.#.##..###...###
.........##.....###..#..# .#.
...##......#....#......###..# .
#......##...........#....
.###+#
#.##'##g.................
..#...#
###...#.@................
...8.##
##.8...............<.... #....#
#..).###.)..............
#...###...####.##........g....
#....#....#...................
#......)##.#.................
#.<.8.<.#......##............
#.......##...).##............
#....#....#รท........))...##...


You could see a gnoll.

Vanquished Creatures
  A gnoll (D:2)
  2 adders
  A ball python (D:1)
  6 bats
  4 endoplasms (D:1)
  3 giant cockroaches
  3 goblins
  4 hobgoblins
  2 jackals (D:1)
  8 kobolds
  4 quokkas
  3 frilled lizards
  7 rats
48 creatures vanquished.

Notes
Turn   | Place    | Note
-------+----------+-------------------------------------------
     0 | D:1      | Brandom the Octopode Transmuter began the quest for the
                  | Orb.
     0 | D:1      | Reached XP level 1. HP: 13/13 MP: 3/3
   162 | D:1      | Reached XP level 2. HP: 18/18 MP: 5/5
   587 | D:1      | Reached XP level 3. HP: 13/24 MP: 4/6
  1301 | D:2      | Found an ornate altar of the Wu Jian Council.
  1691 | D:1      | Learned a level 3 spell: Spider Form
  1739 | D:2      | Reached XP level 4. HP: 26/29 MP: 7/7
  1902 | D:2      | HP: 1/29 [gnoll (10)]
  1903 | D:2      | Mangled by a gnoll

Illustrated notes

Levels and vault maps discovered:
D:1:      dpeg_arrival_rooms_with_view, layout_basic
D:2:      layout_rooms, basic_altar, minmay_misc_feat_five, grunt_ministairs_13,
          kennysheep_doodads, corexii_item_surrounded_by_moat,
          minmay_indecisive_spiral

Skill      XL: |  1  2  3 |
---------------+----------+-----
Fighting       | 2 |  2.3
Dodging        | |  2.5
Unarmed Combat | |  3.3
Spellcasting   | |  2.5
Transmutations | |  2.5
Poison Magic   | |  0.4

Action                   |  1- 3 |  4- 6 || total
-------------------------+-------+-------++-------
Melee: Unarmed           |   101 |    16 ||   117
       Constrict         |    22 |     3 ||    25
       Tentacles         |    15 |     4 ||    19
       Kick              |     2 |     3 ||     5
 Cast: Beastly Appendage |     2 |     2 ||     4
 Stab: Sleeping          |    12 |       ||    12
       Distracted        |       |     1 ||     1
Armor: Skin              |    15 |       ||    15
Dodge: Dodged            |    62 |    13 ||    75

Table legend: (Time is in decaauts)
 A = Elapsed time spent in this place.
 B = Non-inter-level travel time spent in this place.
 C = Inter-level travel time spent in this place.
 D = Time resting spent in this place.
 E = Time spent auto-exploring this place.
 F = Levels seen in this place.
 G = Mean time per level.
                   A        B        C        D        E       F      G
               +--------+--------+--------+--------+--------+-----+--------+
         Total |   1897 |   1862 |     35 |    508 |    991 |   2 |  948.5 |
       Dungeon |   1897 |   1862 |     35 |    508 |    991 |   2 |  948.5 |
               +--------+--------+--------+--------+--------+-----+--------+

Top non-repeatable levels by time:
     D:1: 1561 daAuts
     D:2: 335 daAuts
